 Dungeon Crawl Stone Soup version 0.28-a0-816-gb054d885db (webtiles) character file.

Game seed: 8388691790775368025

678 AttackTheMoon the Shield-Bearer (level 7, -7/56 HPs)
             Began as a Formicid Fighter on Nov 8, 2021.
             Was an Initiate of Ru.
             Mangled by a gnoll sergeant (12 damage)
             ... on level 5 of the Dungeon.
             The game lasted 00:08:49 (4543 turns).

AttackTheMoon the Shield-Bearer (Formicid Fighter)  Turns: 4543, Time: 00:08:50

Health: -7/56      AC: 12    Str: 23    XL:     7   Next: 91%
Magic:  7/7        EV:  5    Int:  7    God:    Ru [......]
Gold:   875        SH:  9    Dex: 10    Spells: 6/6 levels left

rFire   . . .      SeeInvis +   a - +0 war axe
rCold   . . .      Faith    .   b - +0 kite shield
rNeg    . . .      Spirit   .   i - +0 plate armour
rPois   .          Reflect  .   (helmet unavailable)
rElec   .          Harm     .   (no cloak)
rCorr   +          Rampage  .   (no gloves)
Will    .....                   (no boots)
Stlth   ..........              (no amulet)
HPRegen 0.18/turn               e - ring of resist corrosion
MPRegen 0.10/turn               (no ring)

@: no status effects
A: permanent stasis, dig shafts and tunnels, antennae 3, four strong arms
a: Dig, Shaft Self, Renounce Religion


You were on level 5 of the Dungeon.
You worshipped Ru.
Ru was noncommittal.
You visited 2 branches of the dungeon, and saw 6 of its levels.

You collected 875 gold pieces.

Inventory:

Hand Weapons
 a - a +0 war axe (weapon)
Armour
 b - a +0 kite shield (worn)
 c - a +0 buckler
 i - a +0 plate armour (worn)
Jewellery
 e - a ring of resist corrosion (left hand)
Scrolls
 k - a scroll of holy word
Potions
 j - 2 potions of flight


   Skills:
 + Level 5.4 Fighting
 + Level 4.4 Axes
 + Level 5.4 Armour
 + Level 6.0 Shields


You had 6 spell levels left.
You didn't know any spells.
Your spell library was empty.

Dungeon Overview and Level Annotations

Branches:
Dungeon (5/15)             Temple (1/1) D:4

Altars:
Cheibriados
Dithmenos
Fedhas
Hepliaklqana
Nemelex Xobeh
Qazlal
Ru
Uskayaw
Vehumet
Wu Jian
Zin

Shops:
D:4 [


Innate Abilities, Weirdness & Mutations

You cannot be hasted, slowed, berserked, paralysed or teleported.
You can dig through walls and to a lower floor.
You have a pair of large antennae on your head. (SInv)
Your four strong arms can wield two-handed weapons with a shield.


Message History

Your transformation is almost over.
There are monsters nearby!
There are monsters nearby!
There are monsters nearby!
You hear the brisk rusting of a very distant drain.
You feel less wooden.
Your +0 plate armour unmelds from your body.
Found a scroll of blinking.
You extend your mandibles.
You dig through the rock wall.
You dig through the rock wall.
You dig through the rock wall.
You dig through the rock wall.
You dig through the rock wall.
You dig through the rock wall.
You dig through the rock wall.
You start resting.
A gnoll sergeant is nearby!
You are too injured to fight recklessly!
You retract your mandibles.
You slash the gnoll sergeant!
The gnoll sergeant is moderately wounded.
You block the gnoll sergeant's attack.
The gnoll sergeant hits you with a +0 trident!
* * * LOW HITPOINT WARNING * * *
The gnoll sergeant blocks your attack.
The gnoll sergeant is moderately wounded.
You block the gnoll sergeant's attack.
Your plate armour prevents you from hitting the gnoll sergeant.
The gnoll sergeant is moderately wounded.
The gnoll sergeant hits you but does no damage.
The gnoll sergeant blocks your attack.
The gnoll sergeant is moderately wounded.
The gnoll sergeant hits you but does no damage.
The gnoll sergeant hits you with a +0 trident!
* * * LOW HITPOINT WARNING * * *
Okay, then.
You hit the gnoll sergeant.
The gnoll sergeant is heavily wounded.
The gnoll sergeant hits you with a +0 trident!
You die...

##### #.g.# . #.#@#
........# #.. #.###
........####
##..##.####..............
#.........+..............
..........##..............
....#####.##..............
... #{##.............. ..
.#####.##.............. #
.........#..........####


You could see a gnoll sergeant.

Vanquished Creatures
  Sigmund (D:2)
  Edmund (D:4)
  An ogre (D:4)
  A phantom (D:5)
  A jelly (D:4)
  A centaur skeleton (D:4)
  Terence (D:2)
  A killer bee zombie (D:5)
  4 adders
  2 gnolls (D:5)
  2 worms (D:3)
  An adder zombie (D:4)
  2 dart slugs
  An orc (D:4)
  6 ball pythons
  5 endoplasms
  2 giant cockroaches
  8 goblins
  10 hobgoblins
  12 jackals
  3 quokkas (D:2)
  A bat (D:3)
  7 frilled lizards
  9 kobolds
  6 rats
89 creatures vanquished.

Vanquished Creatures (others)
  A plant (D:3)
1 creature vanquished.

Grand Total: 90 creatures vanquished

Notes
Turn   | Place    | Note
-------+----------+-------------------------------------------
     0 | D:1      | AttackTheMoon the Formicid Fighter began the quest for the
                  | Orb.
     0 | D:1      | Reached XP level 1. HP: 18/18 MP: 1/1
   315 | D:1      | Reached XP level 2. HP: 19/24 MP: 2/2
  1017 | D:2      | Reached skill level 4 in Shields
  1017 | D:2      | Reached XP level 3. HP: 24/30 MP: 3/3
  1204 | D:2      | Noticed Sigmund
  1215 | D:2      | Killed Sigmund
  1216 | D:2      | Reached XP level 4. HP: 18/38 MP: 4/4
  1216 | D:2      | Reached XP level 5. HP: 20/43 MP: 5/5
  1390 | D:2      | Reached XP level 6. HP: 49/49 MP: 6/6
  1892 | D:2      | Noticed Terence
  1900 | D:2      | Killed Terence
  1901 | D:2      | Reached skill level 5 in Shields
  3013 | D:4      | Noticed an ogre
  3375 | D:4      | Identified a scroll of acquirement
  3375 | D:4      | Acquired 659 gold pieces
  3388 | D:4      | Noticed Edmund
  3411 | D:4      | Killed Edmund
  3412 | D:4      | Reached skill level 5 in Fighting
  3412 | D:4      | Reached skill level 5 in Armour
  3412 | D:4      | Reached XP level 7. HP: 12/56 MP: 7/7
  3943 | D:4      | Found a sparkling altar of Nemelex Xobeh.
  3965 | D:4      | Found a staircase to the Ecumenical Temple.
  3990 | Temple   | Entered the Ecumenical Temple
  4120 | Temple   | Became a worshipper of Ru the Awakened
  4232 | D:4      | Found Senas's Armour Shop.
  4276 | D:5      | Entered Level 5 of the Dungeon
  4503 | D:5      | Reached skill level 6 in Shields
  4543 | D:5      | Mangled by a gnoll sergeant

Illustrated notes

Levels and vault maps discovered:
D:1:      lemuel_arrival_broad_hall, layout_basic, st_stairs_12
D:2:      layout_loops_corners, uniq_terence, uniq_sigmund
D:3:      layout_loops_ring, serial_bayou_pond_d
D:4:      layout_cave_pools, lemuel_round_altar, minmay_temple_entry_large_hall,
          serial_shops, kennysheep_mini_moat, uniq_edmund
D:5:      layout_basic, okawaru_ov_weapons_minmay, portal_sewer_entry_f,
          kennysheep_donut, uniq_eustachio, uniq_duvessa
Temple:   zaba_magenta_temple

Skill      XL: |  1  2  3  4  5  6  7 |
---------------+----------------------+-----
Shields        | 4 5 6 |  6.0
Fighting       | 4 5 |  5.4
Axes           | 3 4 |  4.4
Armour         | 4 5 |  5.4

Action                   |  1- 3 |  4- 6 |  7- 9 || total
-------------------------+-------+-------+-------++-------
Melee: War axe           |    87 |   171 |    77 ||   335
 Abil: Dig               |       |       |     4 ||     4
  Use: Scroll            |     4 |     6 |     1 ||    11
       Potion            |     2 |     2 |     1 ||     5
Armor: Scale mail        |    10 |       |       ||    10
       Plate armour      |    43 |   103 |    43 ||   189
       Skin              |       |       |    13 ||    13
Dodge: Dodged            |    22 |    46 |    15 ||    83
Block: Buckler           |    23 |    14 |       ||    37
       Kite shield       |       |    53 |    51 ||   104

Table legend: (Time is in decaauts)
 A = Elapsed time spent in this place.
 B = Non-inter-level travel time spent in this place.
 C = Inter-level travel time spent in this place.
 D = Time resting spent in this place.
 E = Time spent auto-exploring this place.
 F = Levels seen in this place.
 G = Mean time per level.
                   A        B        C        D        E       F      G
               +--------+--------+--------+--------+--------+-----+--------+
         Total |   4680 |   4546 |    134 |    492 |   3073 |   6 |  780.0 |
       Dungeon |   4534 |   4448 |     86 |    492 |   3012 |   5 |  906.8 |
        Temple |    145 |     97 |     48 |      0 |     61 |   1 |  145.0 |
               +--------+--------+--------+--------+--------+-----+--------+

Top non-repeatable levels by time:
     D:2: 1322 daAuts
     D:3: 1047 daAuts
     D:1: 957 daAuts
     D:4: 920 daAuts
     D:5: 285 daAuts
  Temple: 145 daAuts
